 Dungeon Crawl Stone Soup version 0.23.1 (webtiles) character file.

Game seed: 0

3678 Fang the Fighter (level 10, -7/65 HPs)
             Began as a Gargoyle Berserker on Mar 18, 2019.
             Was an Elder of Trog.
             Mangled by Harold
             ... wielding a +3 halberd of protection
              (20 damage)
             ... on level 7 of the Dungeon.
             The game lasted 00:07:53 (6456 turns).

Fang the Fighter (Gargoyle Berserker)               Turns: 6456, Time: 00:07:53

Health: -7/65      AC: 19    Str: 24    XL:     10   Next: 13%
Magic:  10/10      EV: 14    Int: 12    God:    Trog [****..]
Gold:   318        SH:  0    Dex: 12    Spells: 9/9 levels left

rFire    . . .     SeeInvis .   d - +0 war axe
rCold    . . .     Gourm    .   (no shield)
rNeg     + . .     Faith    .   t - +3 ring mail of the Circus Animal {Int+4 Dex+3}
rPois    ∞         Spirit   .   (no helmet)
rElec    +         Reflect  .   (no cloak)
rCorr    .         Harm     .   i - +1 pair of gloves
MR       ++...                  (no boots)
Stlth    +.........             b - amulet of the acrobat
HPRegen  1.20/turn              (no ring)
MPRegen  0.12/turn              (no ring)

@: marked, berserk cooldown, regenerating, slowed, very slow
A: negative energy resistance 1, electricity resistance, unbreathing,
petrification resistance, rot immunity, AC +7
a: Berserk, Trog's Hand, Brothers in Arms, Renounce Religion


You were on level 7 of the Dungeon.
You worshipped Trog.
Trog was greatly pleased with you.
You were very hungry.

You visited 2 branches of the dungeon, and saw 8 of its levels.

You collected 318 gold pieces.

Inventory:

Hand Weapons
 d - a +0 war axe (weapon)
Missiles
 x - 6 javelins of returning (quivered)
Armour
 i - a +1 pair of gloves (worn)
 t - the +3 ring mail of the Circus Animal (worn) {Int+4 Dex+3}
   (You found it on level 7 of the Dungeon)

   It affects your intelligence (+4).
   It affects your dexterity (+3).
 y - a +0 plate armour
Jewellery
 b - an amulet of the acrobat (around neck)
 z - a +2 ring of dexterity
 B - the ring of Veadghitu {*Tele Str+2, unknown}
   (You found it on level 6 of the Dungeon)

   [ring of teleportation]

   It may teleport you next to monsters.
   It affects your strength (+2).
Wands
 j - a wand of digging (1)
 u - a wand of flame (9)
 w - a wand of disintegration (14)
Scrolls
 e - 5 scrolls of identify {unknown}
 h - 2 scrolls of remove curse {unknown}
 l - 2 scrolls of teleportation {unknown}
 m - 2 scrolls of magic mapping {unknown}
 r - a scroll of enchant weapon {unknown}
 v - a scroll of amnesia {unknown}
 A - a scroll of vulnerability {unknown}
 C - a scroll of noise {unknown}
Potions
 a - a potion of berserk rage {unknown}
 f - 3 potions of lignification {unknown}
 g - 3 potions of degeneration {unknown}
 k - 4 potions of heal wounds {unknown}
 n - a potion of flight {unknown}
 o - 2 potions of resistance {unknown}
 p - a potion of agility {unknown}
 q - 2 potions of curing {unknown}
 s - 3 potions of mutation {unknown}
Comestibles
 c - 12 rations
 D - 3 chunks of flesh


   Skills:
 + Level 8.5 Fighting
 + Level 7.1 Axes
 + Level 8.1 Armour
 + Level 6.1 Dodging


You had 9 spell levels left.
You didn't know any spells.
Your spell library was empty.

Dungeon Overview and Level Annotations

Branches:
Dungeon (7/15)             Temple (1/1) D:7

Altars:
Cheibriados
Dithmenos
Gozag
Hepliaklqana
Nemelex Xobeh
Okawaru
Trog
Vehumet

Annotations:
D:7 Harold


Innate Abilities, Weirdness & Mutations

You are resistant to torment.
Your stone body is resilient. (AC +7)
You are immune to poison.
You resist negative energy. (rN+)
You are resistant to electric shocks. (rElec)
You can survive without breathing.
You are immune to petrification.
You are immune to rotting.


Message History

You are too injured to fight recklessly!
You are too injured to fight recklessly!
You are too injured to fight recklessly!
Harold hits you with a +3 halberd of protection!
* * * LOW HITPOINT WARNING * * *
You see here a +0 mace.
You closely miss Harold.
Harold is almost dead.
Harold closely misses you. The hippogriff closely misses you.
The hippogriff pecks you.
* * * LOW HITPOINT WARNING * * *
The hippogriff barely misses you. Harold misses you.
Your skin crawls.
You feel resistant to hostile enchantments.
You are feeling very hungry.
The hippogriff barely misses you. The hippogriff closely misses you.
The hippogriff claws you but does no damage.
Harold says, "Listen, it's nothing personal.
It's just a job."
Harold hits you with a +3 halberd of protection!!
You die...

#.... .....# #....# # #
###....# ..# #[ ......
#...#.##...# ###...†#).##
#.#........ ........@(.##
#.......... .<....##@H..#
#....|....
.....##..#..#####........
.... #...................
.........##..##..........
.....######..............
..... ##..###..)..... ...
#.......####.# ..
#.......### #..


You could see Harold and a hippogriff.

Vanquished Creatures
  A two-headed ogre (D:7)
  The ghost of Steeltoe the Cleaver, a novice FoFi (D:6)
  The ghost of animeman360 the Twirler, a novice MiGl (D:4)
  Prince Ribbit (D:6)
  Menkaure (D:6)
  Edmund (D:6)
  A water moccasin (D:7)
  A sky beast (D:6)
  An ice beast (D:6)
  An orc warrior (D:6)
  2 phantoms (D:4)
  A centaur (D:5)
  An ogre (D:4)
  2 bullfrogs
  A wyvern skeleton (D:7)
  A scorpion (D:4)
  A centaur zombie (D:5)
  2 hounds
  A quasit (D:6)
  Crazy Yiuf (D:2)
  A gnoll shaman (D:4)
  An orc priest (D:6)
  2 bullfrog skeletons (D:5)
  A centaur skeleton (D:4)
  6 orc wizards
  Jessica (D:2)
  An iguana (D:6)
  2 worker ants
  A hound skeleton (D:5)
  3 worker ant zombies (D:5)
  Robin (D:2)
  3 gnolls (D:4)
  7 adders
  A howler monkey skeleton (D:4)
  2 shadow imps
  An ooze (D:3)
  2 adder skeletons
  3 worms
  4 leopard geckos
  17 orcs
  7 bats
  6 giant cockroaches
  13 goblins
  8 hobgoblins
  8 jackals
  A ball python (D:2)
  8 frilled lizards
  A giant cockroach zombie (D:5)
  A jackal zombie (D:5)
  6 kobolds
  A quokka skeleton (D:5)
  2 quokka zombies (D:5)
  10 rats
155 creatures vanquished.

Notes
Turn   | Place    | Note
-------+----------+-------------------------------------------
     0 | D:1      | Fang the Gargoyle Berserker began the quest for the Orb.
     0 | D:1      | Reached XP level 1. HP: 14/14 MP: 1/1
   149 | D:1      | Reached XP level 2. HP: 19/19 MP: 2/2
   425 | D:1      | Reached ** piety under Trog
   425 | D:1      | Reached XP level 3. HP: 21/23 MP: 3/3
   740 | D:2      | Found an opulent altar of Gozag.
   863 | D:2      | Noticed Jessica
   870 | D:2      | Killed Jessica
   870 | D:2      | Reached XP level 4. HP: 23/29 MP: 4/4
  1148 | D:2      | Noticed Robin
  1161 | D:2      | Killed Robin
  1318 | D:2      | Found a runed translucent door.
  1319 | D:2      | Noticed Crazy Yiuf
  1554 | D:2      | Reached XP level 5. HP: 31/33 MP: 5/5
  1826 | D:2      | Killed Crazy Yiuf
  2226 | D:3      | Found a shadowy altar of Dithmenos.
  2237 | D:3      | Reached *** piety under Trog
  2898 | D:4      | Reached XP level 6. HP: 39/39 MP: 6/6
  2927 | D:4      | Noticed a phantom
  2964 | D:4      | Killed a phantom
  3020 | D:4      | Noticed a phantom
  3025 | D:4      | Reached skill level 5 in Fighting
  3027 | D:4      | Reached XP level 7. HP: 34/44 MP: 7/7
  3472 | D:4      | Noticed animeman360's ghost (novice MiGl)
  3475 | D:4      | Found a runed translucent door.
  3595 | D:4      | Reached skill level 5 in Armour
  4115 | D:4      | Killed animeman360's ghost
  4115 | D:4      | Reached skill level 5 in Axes
  4115 | D:4      | Reached XP level 8. HP: 46/51 MP: 8/8
  4168 | D:5      | Entered Level 5 of the Dungeon
  4458 | D:5      | Found a snail-covered altar of Cheibriados.
  4727 | D:5      | Reached **** piety under Trog
  4801 | D:5      | Found an iron altar of Okawaru.
  5100 | D:6      | Found a bloodstained altar of Trog.
  5100 | D:6      | Found a hazy altar of Hepliaklqana.
  5100 | D:6      | Noticed Menkaure
  5107 | D:6      | Killed Menkaure
  5231 | D:6      | Noticed Prince Ribbit
  5243 | D:6      | Killed Prince Ribbit
  5243 | D:6      | Received a gift from Trog
  5243 | D:6      | Reached XP level 9. HP: 56/56 MP: 9/9
  5316 | D:6      | Reached skill level 5 in Dodging
  5504 | D:6      | Found a radiant altar of Vehumet.
  5638 | D:6      | Noticed Edmund
  5675 | D:6      | Killed Edmund
  5861 | D:6      | Got a flickering bronze ring
  5885 | D:6      | Found a sparkling altar of Nemelex Xobeh.
  5934 | D:6      | Found a runed translucent door.
  5938 | D:6      | Noticed Steeltoe's ghost (novice FoFi)
  6077 | D:6      | Killed Steeltoe's ghost
  6179 | D:7      | Found a staircase to the Ecumenical Temple.
  6194 | Temple   | Entered the Ecumenical Temple
  6215 | D:7      | Got a twisted ring mail
  6226 | D:7      | Identified the +3 ring mail of the Circus Animal {Int+4
                  | Dex+3} (You found it on level 7 of the Dungeon)
  6238 | D:7      | Noticed a two-headed ogre
  6253 | D:7      | Killed a two-headed ogre
  6253 | D:7      | Reached XP level 10. HP: 30/64 MP: 10/10
  6430 | D:7      | Noticed Harold
  6456 | D:7      | Mangled by Harold

Skill      XL: |  1  2  3  4  5  6  7  8  9 |
---------------+----------------------------+-----
Axes           | 3 4 5 7 |  7.1
Dodging        | 2 3 4 6 |  6.1
Armour         | 3 4 5 6 8 |  8.1
Fighting       | 4 5 6 8 |  8.5

Action                   |  1- 3 |  4- 6 |  7- 9 | 10-12 || total
-------------------------+-------+-------+-------+-------++-------
Melee: Hand axe          |    98 |   140 |       |       ||   238
       War axe           |       |    47 |   333 |    22 ||   402
Invok: Berserk           |       |     2 |     7 |     1 ||    10
       Trog's Hand       |       |       |       |     1 ||     1
 Stab: Sleeping          |     1 |       |       |       ||     1
  Eat: Chunk             |       |     9 |    15 |     3 ||    27
Armor: Animal skin       |    36 |    63 |       |       ||    99
       Scale mail        |       |    30 |    52 |       ||    82
       Chain mail        |       |       |   108 |       ||   108
       Plate armour      |       |       |    66 |       ||    66
       Ring mail         |       |       |     2 |    10 ||    12
Dodge: Dodged            |    77 |   130 |   229 |    24 ||   460
